 Dungeon Crawl Stone Soup version 0.32-a0-779-g362cfcae2a (webtiles) character file.

Game seed: 2293586048571284862

158 ragingrage the Ruffian (level 5, 0/37 HPs)
             Began as a Barachi Shapeshifter on Mar 19, 2024.
             Killed by nerve-wracking pain
             ... invoked by an orc priest
              (10 damage)
             ... on level 4 of the Dungeon.
             The game lasted 00:03:14 (3503 turns).

ragingrage the Ruffian (Barachi Shapeshifter)       Turns: 3503, Time: 00:03:15

Health: 0/37       AC:  3    Str: 17    XL:     5   Next: 40%
Magic:  0/5        EV: 11    Int: 10    God:
Gold:   77         SH:  0    Dex: 12    Spells: 2/4 levels left

rFire   . .          .
                       - Unarmed
rCold   . . .        (no shield)
rNeg    . . .        m - +0 leather armour
rPois   +            (helmet currently unavailable)
rElec   .            (cloak currently unavailable)
rCorr   .            (gloves currently unavailable)
SInv    .            (boots currently unavailable)
Will    .....        n - amulet of guardian spirit
Stlth   ++           a - ring of poison resistance
HPRegen 0.26/turn    (no ring)
MPRegen 0.09/turn

%: guardian spirit
@: beast-form, slow
A: beast (slay +2), amphibious, slowness 1, strong legs 1, +LOS
a: Hop, Begin Untransformation, Convert to Beogh


You were on level 4 of the Dungeon.
You were a hulking beast.
You visited 1 branch of the dungeon, and saw 4 of its levels.

You collected 77 gold pieces.

Inventory:

Missiles
 r - 5 poisoned darts (quivered)
 u - 3 javelins
Armour
 l - a +0 chain mail
 m - a +0 leather armour (worn)
 t - a +0 helmet
 v - a +0 pair of boots
Jewellery
 a - a ring of poison resistance (left hand)
 n - an amulet of guardian spirit (around neck)
Talismans
 c - a beast talisman (active)
 d - a flux talisman
Wands
 o - a wand of warping (4)
Scrolls
 e - a scroll of teleportation
 f - a scroll of identify {unknown}
 h - a scroll of fear {unknown}
 k - a scroll of butterflies {unknown}
 q - a scroll of silence {unknown}
 w - a scroll of blinking {unknown}
 x - a scroll of fog {unknown}
Potions
 b - a potion of ambrosia {unknown}
 g - a potion of degeneration {unknown}
 i - a potion of attraction {unknown}
 j - a potion of resistance {unknown}
 p - 2 potions of mutation {unknown}
 s - a potion of enlightenment {unknown}


   Skills:
 - Level 1.2 Fighting
 - Level 2.1 Dodging
 - Level 2.0 Stealth
 + Level 4.5 Unarmed Combat
 + Level 2.0 Hexes
 + Level 4.3 Shapeshifting


You had 2 spell levels left.
You knew the following spells:

 Your Spells              Type           Power      Damage    Failure   Level
a - Jinxbite              Hex            8%         N/A       30%         2

Your spell library contained the following spells:

 Spells                   Type           Power      Damage    Failure   Level
 Apportation              Tloc           0%         N/A       43%         1
 Frozen Ramparts          Ice            0%         1d1       80%         3
 Ozocubu's Armour         Ice            0%         N/A       80%         3
 Summon Ice Beast         Ice/Summ       0%         N/A       80%         3
 Alistair's Intoxication  Alch           0%         N/A       100%        5
 Metabolic Englaciation   Hex/Ice        1%         N/A       100%        5
 Summon Mana Viper        Hex/Summ       2%         N/A       100%        5
 Monstrous Menagerie      Summ           0%         N/A       100%        7


Dungeon Overview and Level Annotations

Branches:
Dungeon (4/15)
 Temple: D:4-7

Altars:
Makhleb

Annotations:
D:2 Sigmund
D:4 Grinder


Innate Abilities, Weirdness & Mutations

You are a hulking beast.
Your limbs bulge with bestial killing power. (Slay +2)
You are amphibious.
You cover ground slowly.
You can hop short distances.
You have an extended range of vision and can be seen from far away.


Message History

There is a stone staircase leading up here.
There is a stone staircase leading down here.
There is a stone staircase leading down here.
You climb downwards.
Level annotation: Grinder
There is a stone staircase leading up here.
Unknown command.
The orc shouts!
The orc priest calls down the wrath of Beogh upon you.
Pain shoots through your body!
An adder comes into view.
The orc hits you but does no damage.
You climb upwards.
There is a stone staircase leading down here.
You hit the orc but do no damage. The orc hits you but does no damage.
You hit the orc. The orc closely misses you.
You barely miss the orc. The orc closely misses you.
You hit the orc.
You kill the orc!
Things that are here:
a +0 flail; a +0 leather armour; an orc corpse You start resting.
There is a stone staircase leading down here.
There is a stone staircase leading down here.
You climb downwards.
Level annotation: Grinder The adder barely misses you.
The orc priest calls down the wrath of Beogh upon you.
Beogh smites you! The orc hits you but does no damage.
The adder completely misses you.
The orc priest calls down the wrath of Beogh upon you.
Pain shoots through your body! The orc hits you with a +0 whip.
The orc priest shouts, "Surrender to Beogh and we'll let you live!" (press Y on the ability menu to convert to Beogh)
There is a stone staircase leading up here.
The adder barely misses you. The orc hits you with a +0 whip.
* * * LOW HITPOINT WARNING * * *
The orc priest calls down the wrath of Beogh upon you.
Pain shoots through your body!
You die...

######## #....o.#
#......# #......#
.##......######!.
.......oh........
..#.....S##......
#......... ##..
##.......##
#.####### # #!.
....


You could see an orc priest, an adder and an orc.

Vanquished Creatures
  An iguana (D:3)
  5 adders
  A gnoll (D:1)
  A dart slug (D:1)
  3 ribbon worms (D:2)
  6 orcs
  3 endoplasms
  2 giant cockroaches (D:1)
  7 goblins
  4 hobgoblins
  4 jackals (D:2)
  4 quokkas
  3 ball pythons
  5 bats
  4 frilled lizards
  6 kobolds
  5 rats
64 creatures vanquished.

Notes
Turn   | Place    | Note
-------+----------+-------------------------------------------
     0 | D:1      | ragingrage the Barachi Shapeshifter began the quest for the
                  | Orb.
     0 | D:1      | Reached XP level 1. HP: 15/15 MP: 1/1
    83 | D:1      | Reached skill level 1 in Stealth
    83 | D:1      | Reached XP level 2. HP: 16/21 MP: 2/2
   538 | D:1      | Reached XP level 3. HP: 9/26 MP: 3/3
  2056 | D:2      | Learned a level 2 spell: Jinxbite
  2113 | D:2      | Reached XP level 4. HP: 16/32 MP: 2/4
  2344 | D:2      | Noticed Sigmund
  2394 | D:2      | Reached skill level 1 in Hexes
  2721 | D:3      | Found a burning altar of Makhleb.
  2821 | D:3      | Reached XP level 5. HP: 37/37 MP: 5/5
  3427 | D:4      | Noticed Grinder
  3503 | D:4      | Killed from afar by an orc priest

Illustrated notes

Levels and vault maps discovered:
D:1:      lightli_arrival_flooded_house, layout_basic, serial_co_window_serial,
          co_window_paths_a, co_window_corner_a, co_window_of_opportunity_a,
          co_window_paths_a, co_window_cross_1, co_window_unsneaky_path_d,
          co_window_of_opportunity_c, co_window_cross_4, co_window_cross_3,
          co_window_paths_c, co_window_paths_c, co_window_4corner_a,
          glass_columns_a, glass_columns_c, nrook_mini_backslash,
          minmay_misc_feat_hallway
D:2:      layout_basic, uniq_sigmund
D:3:      layout_rooms, mainiacjoe_overflow_cross_hatched,
          chequers_decorated_corner
D:4:      layout_rooms, uniq_grinder

Skill      XL: |  1  2  3  4  5 |
---------------+----------------+-----
Stealth        | 1 2 |  2.0
Unarmed Combat | 4 |  4.5
Hexes          | 1 2 |  2.0
Shapeshifting  | 4 |  4.3
Fighting       | |  1.2
Dodging        | |  2.1

Action                     |  1- 3 |  4- 6 || total
---------------------------+-------+-------++-------
  Melee: Unarmed           |    74 |   111 ||   185
         Punch             |       |     2 ||     2
  Throw: Dart              |       |     4 ||     4
Ability: Hop               |     1 |     1 ||     2
    Use: Potion            |     1 |       ||     1
         Scroll            |       |     1 ||     1
   Stab: Sleeping          |     7 |       ||     7
 Armour: Animal skin       |    11 |       ||    11
         Skin              |     3 |       ||     3
         Leather armour    |    34 |    65 ||    99
         Chain mail        |     1 |       ||     1
  Dodge: Dodged            |    16 |    75 ||    91

Table legend: (Time is in decaauts)
 A = Elapsed time spent in this place.
 B = Non-inter-level travel time spent in this place.
 C = Inter-level travel time spent in this place.
 D = Time resting spent in this place.
 E = Time spent auto-exploring this place.
 F = Levels seen in this place.
 G = Mean time per level.
                   A        B        C        D        E       F      G
               +--------+--------+--------+--------+--------+-----+--------+
         Total |   3955 |   3705 |    250 |    650 |   2411 |   4 |  988.8 |
       Dungeon |   3955 |   3705 |    250 |    650 |   2411 |   4 |  988.8 |
               +--------+--------+--------+--------+--------+-----+--------+

Top non-repeatable levels by time:
     D:1: 1941 daAuts
     D:2: 1111 daAuts
     D:3: 696 daAuts
     D:4: 207 daAuts
